 Dungeon Crawl Stone Soup version 0.22.1-2-g9c5b331383 (webtiles) character file.

76569 Peterchen the Severer (level 15, -8/150 HPs)
             Began as a Minotaur Berserker on Dec 19, 2018.
             Was a High Priest of Trog.
             Mangled by a wolf spider (16 damage)
             ... on level 2 of the Spider Nest.
             The game lasted 01:20:48 (18605 turns).

Peterchen the Severer (Minotaur Berserker)         Turns: 18605, Time: 01:20:48

Health: -8/150     AC: 26    Str: 29    XL:     15   Next: 12%
Magic:  4/4        EV: 13    Int:  4    God:    Trog [*****.]
Gold:   1125       SH:  0    Dex:  9    Spells: 14/14 levels left

rFire    + . .     SeeInvis .   T - +4 executioner's axe (antimagic)
rCold    + . .     Gourm    .   (shield currently unavailable)
rNeg     . . .     Faith    .   h - +8 chain mail "Lootwips" {-Tele rElec rF+ rC+}
rPois    .         Spirit   .   u - +2 hat
rElec    +         Reflect  .   S - scarf {repulsion}
rCorr    .         Harm     .   L - +0 pair of gloves
MR       ++...     NoTele   +   v - +1 pair of boots
Stlth    ..........             G - amulet of regeneration
HPRegen  0.75/turn              p - ring of protection from magic
MPRegen  0.09/turn              B - +3 ring of evasion

@: confused, lethally poisoned (-8 -> -9), berserk cooldown, repel missiles
A: retaliatory headbutt, horns 2
a: Berserk, Trog's Hand, Brothers in Arms, Renounce Religion


You were on level 2 of the Spider Nest.
You worshipped Trog.
Trog was extremely pleased with you.
You were not hungry.

You visited 4 branches of the dungeon, and saw 22 of its levels.
You also visited: Volcano.

You collected 1468 gold pieces.
You spent 343 gold pieces at shops.

Inventory:

Hand Weapons
 T - a +4 antimagic executioner's axe (weapon)
Missiles
 n - 74 poisoned needles (quivered)
Armour
 h - the +8 chain mail "Lootwips" (worn) {-Tele rElec rF+ rC+}
   (You found it on level 4 of the Dungeon)

   It protects you from fire.
   It protects you from cold.
   It insulates you from electricity.
   It prevents most forms of teleportation.
 u - a +2 hat (worn)
 v - a +1 pair of boots (worn)
 L - a +0 pair of gloves (worn)
 S - a scarf of repulsion (worn)
Jewellery
 p - a ring of protection from magic (left hand)
 B - a +3 ring of evasion (right hand)
 F - an uncursed ring of flight
 G - an amulet of regeneration (around neck)
Wands
 g - a wand of clouds (9)
 s - a wand of disintegration (18)
 y - a wand of digging (28)
 C - a wand of acid (23)
 H - a wand of polymorph (7)
 N - a wand of flame (64)
 W - a wand of scattershot (7)
 Y - a wand of iceblast (14)
Scrolls
 a - a scroll of holy word
 e - 3 scrolls of magic mapping
 k - 3 scrolls of blinking
 l - 8 scrolls of remove curse
 o - 5 scrolls of fear
 x - 4 scrolls of enchant armour
 A - 2 scrolls of fog
 E - a scroll of summoning
 I - 2 scrolls of amnesia
 J - a scroll of brand weapon
 P - 3 scrolls of teleportation
 Q - 2 scrolls of vulnerability
 R - a scroll of silence
 U - 2 scrolls of immolation
Potions
 b - a potion of invisibility {unknown}
 d - 2 potions of might
 i - 4 potions of curing
 j - 4 potions of lignification
 m - 4 potions of magic {unknown}
 r - 5 potions of haste
 t - 4 potions of agility
 z - 3 potions of brilliance
 D - a potion of flight
 M - 2 potions of degeneration {unknown}
 O - 3 potions of mutation {unknown}
 X - a potion of ambrosia {unknown}
 Z - a potion of heal wounds {unknown}
Miscellaneous
 f - a phantom mirror
 w - a phial of floods
 V - a fan of gales
Comestibles
 c - 40 rations
 q - 4 chunks of flesh


   Skills:
 - Level 18.5 Fighting
 - Level 20.9 Axes
 * Level 12.4 Armour
 - Level 2.1 Dodging


You had 14 spell levels left.
You didn't know any spells.
Your spell library was empty.

Dungeon Overview and Level Annotations

Branches:
Dungeon (15/15)            Temple (0/1) D:6            Lair (4/6) D:10
 Shoals (0/4) Lair:4       Spider (2/4) Lair:4          Orc (0/2) D:9
 Vaults (0/5) D:14         Depths (1/5) D:15

Altars:
Ashenzari
Fedhas
Hepliaklqana
Kikubaaqudgha
Nemelex Xobeh
Okawaru
Qazlal
Ru
Sif Muna
Trog
Wu Jian
Xom
Yredelemnul
The Shining One
Beogh

Shops:
D:5 *   D:9 *   D:10 *


Innate Abilities, Weirdness & Mutations

You reflexively headbutt those who attack you in melee.
You have a pair of horns on your head.


Message History

Cornered, the wolf spider turns to fight!
The tarantella completely misses you.
You feel sick.
The tarantella bites you but does no damage.
Being near the torpor snail leaves you feeling lethargic.
The tarantella barely misses you.
You see here a jumping spider corpse.
You feel yourself speed up.
You feel sick.
The wolf spider hits you but does no damage.
The wolf spider bites you but does no damage.
The tarantella bites you but does no damage.
The wolf spider hits you but does no damage.
The wolf spider bites you.
* * * LOW HITPOINT WARNING * * *
The tarantella bites you but does no damage.
You miss the wolf spider.
The wolf spider is moderately wounded.
You miss the tarantella.
You feel sick. The wolf spider hits you!
You die...

#....w..^O#
#######w.##^...#
####..#w..sw.#...##
......##..#†.###...
......^#..#.^.# ....
#####.....#...# .##..
^.#.......##..## ###.
..^....##..#..s###.##
##.###..####.#.†@s..#
#####...## ###.s...##
#######..# #..##..######
..#..#..########....#...#
.....##...##...###^###..#
#....##...###..#^###...##
..##.....###...#........#
..#....#..###..#.....#..#
..####.####.#.....)####.#


You could see a wolf spider and 2 tarantellas.

Vanquished Creatures
  Arachne (Spider:2)
  Rupert (D:14)
  Gastronok (D:12)
  Roxanne (D:14)
  Louise (Spider:1)
  An entropy weaver (Spider:2)
  Snorg (D:12)
  Josephine (Spider:1)
  2 yaktaur captains
  Erolcha (D:12)
  4 hydras
  The ghost of Gunterle the Ogre Mage, a journeyman OgNe of Hepliaklqana (Lair:1)
  Erica (Lair:2)
  4 centaur warriors
  A two-headed ogre (D:13)
  A death yak (D:14)
  An ogre mage (D:15)
  3 tengu warriors
  A hell knight (D:15)
  A fire crab (shapeshifter) (D:15)
  A deep troll (Depths:1)
  An unseen horror (D:12)
  Pikel (D:5)
  An orb spider (Spider:1)
  4 lindwurms (D:12)
  2 deep elf magi (D:15)
  8 wolf spiders
  An orc sorcerer (Volcano)
  8 ugly things
  A manticore (D:14)
  Maurice (D:12)
  3 centaur zombies
  The ghost of thefreepie the Stinger, a novice DrVM of Vehumet (D:6)
  A smoke demon (Volcano)
  2 gargoyles
  A torpor snail (Spider:1)
  A kobold demonologist (D:12)
  An efreet (D:15)
  2 yaktaurs (D:14)
  A freezing wraith (D:14)
  4 spiny frogs
  2 rime drakes
  4 komodo dragons
  6 demonic crawlers
  A merfolk (Lair:4)
  2 tengu conjurers (D:15)
  5 trolls
  A red devil (Volcano)
  10 jumping spiders
  3 meliai (D:15)
  4 polar bears (D:14)
  2 hornets
  6 hippogriffs
  Prince Ribbit (D:5)
  5 slime creatures (D:14)
  14 redbacks
  4 tarantellas
  A centaur simulacrum (D:15)
  A shadow (D:11)
  2 wyverns
  4 wraiths
  A yak (shapeshifter) (D:14)
  3 hungry ghosts
  4 basilisks
  18 yaks
  3 vampire mosquitoes (D:13)
  A soldier ant (D:13)
  An acid dragon (D:13)
  5 water moccasins
  A hell hound (Volcano)
  6 porcupines
  The ghost of Elric the Changer, an amateur VSTm of Dithmenos (D:4)
  6 black bears (D:14)
  4 sky beasts
  A slave (D:5)
  5 ice beasts
  4 orc warriors
  7 ogres
  An eye of draining (D:10)
  9 boggarts
  35 wolves
  5 crocodiles
  18 centaurs
  3 big kobolds
  14 bullfrogs
  A wyvern zombie (D:12)
  3 scorpions
  6 killer bees (D:7)
  2 wyvern skeletons
  7 wights (D:10)
  2 electric eels
  A howler monkey (D:13)
  7 crimson imps
  A bullfrog zombie (D:5)
  4 jellies
  8 hounds
  4 centaur skeletons
  12 orc priests
  10 orc wizards
  5 bullfrog skeletons
  4 iguanas
  9 worker ants
  A hound skeleton (D:9)
  2 hound zombies
  2 howler monkey zombies
  A worker ant zombie (D:8)
  6 gnolls
  A howler monkey skeleton (D:5)
  13 adders
  4 shadow imps
  3 oozes
  An adder skeleton (D:8)
  2 worms (D:3)
  2 dart slugs
  3 leopard geckos
  30 orcs
  3 ball pythons
  6 giant cockroaches
  2 gnoll zombies (D:6)
  8 goblins
  6 hobgoblins
  19 jackals
  6 quokkas
  4 bats
  3 frilled lizards
  A jackal zombie (D:6)
  16 kobolds
  2 leopard gecko zombies
  A quokka zombie (D:9)
  8 rats
  A fungus (Lair:2)
  A plant (Lair:4)
553 creatures vanquished.

Vanquished Creatures (collateral kills)
  An entropy weaver (Spider:1)
  A centaur warrior (D:14)
  Urug (D:12)
  A demonic crawler (Spider:1)
  An efreet (D:15)
  A dream sheep (D:14)
  A black bear (D:14)
7 creatures vanquished.

Vanquished Creatures (others)
  2 ugly things (Depths:1)
  2 water elementals (D:15)
  An electric eel (D:15)
5 creatures vanquished.

Grand Total: 565 creatures vanquished

Notes
Turn   | Place    | Note
-------+----------+-------------------------------------------
     0 | D:1      | Peterchen the Minotaur Berserker began the quest for the
                  | Orb.
     0 | D:1      | Reached XP level 1. HP: 19/19 MP: 0/0
   182 | D:1      | Reached skill level 4 in Axes
   444 | D:1      | Reached XP level 2. HP: 20/26 MP: 1/1
   699 | D:1      | You fall through a shaft!
   888 | D:2      | Reached skill level 5 in Axes
   896 | D:2      | Reached XP level 3. HP: 23/31 MP: 2/2
  1312 | D:2      | Reached skill level 6 in Axes
  1312 | D:2      | Reached XP level 4. HP: 39/39 MP: 3/3
  1396 | D:2      | Reached ** piety under Trog
  1463 | D:2      | Found a deep blue altar of Sif Muna.
  1924 | D:3      | Reached XP level 5. HP: 37/45 MP: 4/4
  1984 | D:3      | Reached skill level 7 in Axes
  2900 | D:4      | Reached skill level 8 in Axes
  2903 | D:4      | Reached XP level 6. HP: 51/51 MP: 5/5
  2953 | D:4      | Found a roughly hewn altar of Beogh.
  3444 | D:4      | Got an ancient chain mail
  3455 | D:4      | Identified the +8 chain mail "Lootwips" {-Tele rElec rF+
                  | rC+} (You found it on level 4 of the Dungeon)
  3478 | D:4      | Found a shimmering altar of Xom.
  3479 | D:4      | Found a hazy altar of Hepliaklqana.
  3479 | D:4      | Noticed a yak
  3480 | D:4      | Noticed a spectral ugly thing
  3480 | D:4      | Noticed a yak
  3509 | D:4      | Reached skill level 9 in Axes
  3761 | D:4      | Found a runed gate.
  3761 | D:4      | Found a runed gate.
  3761 | D:4      | Found a runed gate.
  3762 | D:4      | Noticed Elric's ghost (amateur VSTm)
  4008 | D:4      | Killed Elric's ghost
  4008 | D:4      | Reached XP level 7. HP: 57/57 MP: 6/6
  4052 | D:5      | Entered Level 5 of the Dungeon
  4063 | D:5      | Reached *** piety under Trog
  4072 | D:5      | Reached skill level 10 in Axes
  4285 | D:5      | Found Xeirocupu's Assorted Antiques.
  4448 | D:5      | Bought a scroll of identify for 42 gold pieces
  4515 | D:5      | Noticed Prince Ribbit
  4522 | D:5      | Killed Prince Ribbit
  4522 | D:5      | Reached skill level 11 in Axes
  4681 | D:6      | Noticed Pikel
  4703 | D:5      | Killed Pikel
  4703 | D:5      | Reached skill level 12 in Axes
  4703 | D:5      | Reached XP level 8. HP: 46/64 MP: 7/7
  4755 | D:6      | Found an iron altar of Okawaru.
  4850 | D:6      | Found a shattered altar of Ashenzari.
  4871 | D:6      | Reached skill level 13 in Axes
  4880 | D:6      | Found a bloodstained altar of Trog.
  4907 | D:6      | Found a sacrificial altar of Ru.
  4996 | D:6      | Noticed thefreepie's ghost (novice DrVM)
  4997 | D:6      | Found a transporter.
  5132 | D:6      | Found a staircase to the Ecumenical Temple.
  5357 | D:6      | Found a transporter.
  5442 | D:6      | Found a basalt altar of Yredelemnul.
  5479 | D:6      | Killed thefreepie's ghost
  5482 | D:6      | Reached XP level 9. HP: 70/70 MP: 8/8
  5559 | D:7      | Reached skill level 14 in Axes
  5645 | D:7      | Reached **** piety under Trog
  5696 | D:7      | Got a dazzling hand axe {freeze}
  5708 | D:7      | Reached skill level 15 in Axes
  5715 | D:7      | Identified the +3 hand axe of the Imperium {freeze, +Inv
                  | Int+3} (You took it off an orc on level 7 of the Dungeon)
  5823 | D:7      | Found a shimmering altar of Xom.
  6048 | D:7      | Found an ornate altar of the Wu Jian Council.
  6259 | D:8      | Found a sparkling altar of Nemelex Xobeh.
  6652 | D:8      | Found an ancient bone altar of Kikubaaqudgha.
  6923 | D:9      | Found a staircase to the Orcish Mines.
  6994 | D:9      | Reached skill level 16 in Axes
  7381 | D:9      | Reached XP level 10. HP: 77/77 MP: 9/9
  7520 | D:9      | Reached skill level 17 in Axes
  7549 | D:9      | Found a stormy altar of Qazlal.
  7672 | D:9      | Found a glowing golden altar of the Shining One.
  7890 | D:9      | Found Sifajad's Assorted Antiques.
  7893 | D:9      | Bought a scroll of blinking for 157 gold pieces
  7893 | D:9      | Bought a bubbling grey potion for 18 gold pieces
  7893 | D:9      | Bought a scroll of remove curse for 63 gold pieces
  7893 | D:9      | Bought a scroll labeled SIUDUIPTUV for 21 gold pieces
  7893 | D:9      | Bought a scroll of identify for 42 gold pieces
  8029 | D:10     | Entered Level 10 of the Dungeon
  8073 | D:10     | Found a staircase to the Lair.
  8157 | D:10     | Reached ***** piety under Trog
  8298 | D:10     | Reached skill level 18 in Axes
  8393 | D:10     | Noticed a gargoyle
  8410 | D:10     | Killed a gargoyle
  8750 | D:10     | Found Foemavop's Assorted Antiques.
  8832 | D:10     | Reached XP level 11. HP: 82/82 MP: 6/10
  9132 | D:11     | Received a gift from Trog
  9132 | D:11     | Reached skill level 19 in Axes
  9202 | D:11     | Found a blossoming altar of Fedhas.
  9414 | D:11     | Noticed a brown ugly thing
  9419 | D:11     | Killed a brown ugly thing
  9600 | D:12     | Noticed a red ugly thing
  9609 | D:12     | Killed a red ugly thing
  9623 | D:12     | Noticed a lindwurm
  9632 | D:12     | Killed an unseen horror
  9722 | D:12     | Noticed Urug
  9726 | D:12     | Noticed Erolcha
  9730 | D:12     | Killed Urug
  9737 | D:12     | Killed Erolcha
  9803 | D:12     | Noticed Gastronok
  9803 | D:12     | Noticed Snorg
  9814 | D:12     | Killed Gastronok
  9814 | D:12     | Reached skill level 20 in Axes
  9818 | D:12     | Killed Snorg
  9877 | D:12     | Noticed Maurice
  9885 | D:12     | Killed Maurice
  9900 | D:12     | Noticed a lindwurm
  9907 | D:12     | Noticed a lindwurm
  9922 | D:12     | Noticed a lindwurm
 10488 | D:13     | Reached XP level 12. HP: 92/92 MP: 3/11
 10562 | D:13     | Reached skill level 5 in Fighting
 10916 | D:13     | Noticed a two-headed ogre
 10926 | D:13     | Killed a two-headed ogre
 11358 | D:13     | Noticed a centaur warrior
 11366 | D:13     | Killed a centaur warrior
 11842 | D:12     | Reached skill level 10 in Fighting
 11957 | D:14     | Noticed Rupert
 11971 | D:14     | Noticed a yaktaur captain
 11977 | D:14     | Killed Rupert
 11985 | D:14     | Killed a yaktaur captain
 12005 | D:14     | Reached XP level 13. HP: 54/122 MP: 4/12
 12015 | D:14     | Found a huge runed gate.
 12016 | D:14     | Found a huge runed gate.
 12066 | D:14     | Found a gate to the Vaults.
 12164 | D:14     | Found a huge runed gate.
 12165 | D:14     | Found a huge runed gate.
 12283 | D:14     | Noticed Roxanne
 12694 | D:14     | Killed Roxanne
 12695 | D:14     | Identified Roxanne's Catalogue of the Rocks (You took it
                  | off Roxanne on level 14 of the Dungeon)
 12764 | D:15     | Entered Level 15 of the Dungeon
 12770 | D:15     | Reached skill level 15 in Fighting
 13409 | D:15     | Found a staircase to the Depths.
 13837 | D:15     | Got a distressingly furry ring mail
 13874 | D:15     | Identified the +3 ring mail of Nihilism {*Corrode +Inv
                  | rPois rF++} (You found it on level 15 of the Dungeon)
 13984 | Depths:1 | Entered Level 1 of the Depths
 13995 | Depths:1 | Reached XP level 14. HP: 131/140 MP: 4/13
 14006 | Depths:1 | Noticed a lich
 14127 | Lair:1   | Entered Level 1 of the Lair of Beasts
 14143 | Lair:1   | Found a large runed door.
 14171 | Lair:1   | Found a dark tunnel.
 14185 | Volcano  | Entered a volcano
 14621 | Lair:1   | Found a large runed door.
 14622 | Lair:1   | Noticed Gunterle's ghost (journeyman OgNe)
 14997 | Lair:1   | Killed Gunterle's ghost
 15127 | Lair:2   | Noticed Erica
 15132 | Lair:2   | Killed Erica
 15161 | Lair:2   | Identified a scroll of acquirement
 16537 | Lair:4   | Received a gift from Trog
 16541 | Lair:4   | Reached skill level 5 in Armour
 16700 | Lair:4   | Found a hole to the Spider Nest.
 17268 | Lair:4   | Found a staircase to the Shoals.
 17436 | Spider:1 | Entered Level 1 of the Spider Nest
 17438 | Spider:1 | Noticed Josephine
 17460 | Spider:1 | Killed Josephine
 17617 | Spider:1 | Reached skill level 10 in Armour
 17619 | Spider:1 | Noticed an entropy weaver
 17631 | Spider:1 | Killed an entropy weaver
 17637 | Spider:1 | Noticed Louise
 17747 | Spider:1 | Killed Louise
 17841 | Spider:1 | Found the +2 ratskin cloak {+Rats rPois rN+ Str-1 Int-1
                  | Dex+1}
 18161 | Spider:2 | Noticed Arachne
 18369 | Spider:2 | Killed Arachne
 18369 | Spider:2 | Reached XP level 15. HP: 77/150 MP: 4/14
 18605 | Spider:2 | Mangled by a wolf spider

Skill      XL: |  1  2  3  4  5  6  7  8  9 10 11 12 13 14 15 |
---------------+----------------------------------------------+-----
Axes           | 4 5 6 8 9 12 13 16 18 20 | 20.9
Fighting       | 4 13 17 18 | 18.5
Armour         | 11 12 | 12.4
Dodging        | |  2.1

Action                   |  1- 3 |  4- 6 |  7- 9 | 10-12 | 13-15 || total
-------------------------+-------+-------+-------+-------+-------++-------
Melee: Hand axe          |    85 |   120 |   278 |   215 |       ||   698
       Headbutt          |    13 |    23 |    53 |   107 |   124 ||   320
       War axe           |       |       |    61 |       |       ||    61
       Battleaxe         |       |       |       |   259 |   365 ||   624
       Executioner's axe |       |       |       |       |   168 ||   168
Throw: Tomahawk          |       |       |       |     7 |       ||     7
       Stone             |       |       |       |     1 |       ||     1
Invok: Berserk           |     2 |     3 |     5 |     7 |    11 ||    28
       Trog's Hand       |       |       |     1 |     4 |    11 ||    16
       Brothers in Arms  |       |       |       |     2 |     7 ||     9
 Abil: Evoke Flight      |       |       |       |     1 |     2 ||     3
Evoke: Staff of energy   |       |       |       |     3 |       ||     3
  Use: Scroll            |     4 |     1 |     4 |     6 |    19 ||    34
       Potion            |       |       |       |       |     6 ||     6
 Stab: Paralysed         |       |       |     1 |       |       ||     1
       Distracted        |       |       |       |     1 |       ||     1
  Eat: Chunk             |     3 |    10 |    16 |    22 |    34 ||    85
       Ration            |       |       |     1 |       |     3 ||     4
Armor: Ring mail         |    24 |    22 |       |       |       ||    46
       Animal skin       |     1 |       |       |       |       ||     1
       Scale mail        |       |    10 |       |       |       ||    10
       Chain mail        |       |    12 |   161 |   217 |   422 ||   812
Dodge: Dodged            |    52 |    59 |   131 |   209 |   427 ||   878
       Deflected         |       |       |       |     2 |    21 ||    23
Block: Buckler           |       |     4 |    27 |    14 |       ||    45
